 Dungeon Crawl Stone Soup version 0.25-a0-701-gb30f108f01 (webtiles) character file.

Game seed: 13441367621683598684, levelgen mode: deterministic

462 Maedhros the Sneak (level 7, -3/43 HPs)
             Began as an Octopode Artificer on Apr 3, 2020.
             Was an Initiate of Qazlal.
             Slain by an iron imp (12 damage)
             ... summoned by Xom
             ... on level 3 of the Dungeon.
             The game lasted 00:05:22 (4430 turns).

Maedhros the Sneak (Octopode Artificer)             Turns: 4430, Time: 00:05:22

Health: -3/43      AC:  1    Str: 11    XL:     7   Next: 7%
Magic:  11/11      EV: 11    Int: 14    God:    Qazlal [......]
Gold:   245        SH:  0    Dex: 14    Spells: 6/6 levels left

rFire    + . .     SeeInvis .   k - -2 short sword (curse)
rCold    . . .     Gourm    .   (no shield)
rNeg     . . .     Faith    .   (helmet restricted)
rPois    .         Spirit   .   p - amulet of harm
rElec    .         Reflect  .   m - ring of protection from fire
rCorr    .         Harm     +   q - -2 ring of evasion (curse)
MR       .....                  (no ring)
Stlth    +++++.....             (no ring)
HPRegen  0.14/turn              (no ring)
MPRegen  0.12/turn              (no ring)
                                (no ring)
                                (no ring)

@: slowed, very slow
A: almost no armour, stealthy swim, amphibious, 8 rings, constrict 8, camouflage
1, gelatinous body 1
a: Renounce Religion


You were on level 3 of the Dungeon.
You worshipped Qazlal.
Qazlal was noncommittal.
You were not hungry.

You visited 2 branches of the dungeon, and saw 5 of its levels.

You collected 245 gold pieces.

Inventory:

Hand Weapons
 a - a +0 short sword
 g - a +0 mace of holy wrath
 k - a cursed -2 short sword (weapon)
 n - a cursed -1 dagger
 r - a +1 hunting sling
 A - a +3 falchion
Missiles
 o - 7 javelins (quivered)
 s - 17 sling bullets
 t - 6 atropa-tipped darts
Jewellery
 l - an uncursed ring of ice
 m - a ring of protection from fire (left tentacle)
 p - an amulet of harm (around mantle)
 q - a cursed -2 ring of evasion (right tentacle)
 v - a cursed amulet of inaccuracy
Wands
 b - a wand of flame (11)
 c - a wand of enslavement (8)
 d - a wand of random effects (9)
Scrolls
 j - a scroll of fog
 u - 3 scrolls of identify
 x - a scroll of enchant weapon
 y - a scroll of amnesia
Potions
 e - a potion of brilliance
 h - a potion of lignification {unknown}
 i - 3 potions of curing {unknown}
 w - a potion of might {unknown}
 z - a potion of experience {unknown}
Comestibles
 f - 9 rations
 B - 3 chunks of flesh


   Skills:
 - Level 1.0 Fighting
 - Level 1.0 Short Blades
 - Level 2.0 Dodging
 + Level 7.3 Stealth
 + Level 6.4 Evocations


You had 6 spell levels left.
You didn't know any spells.
Your spell library was empty.

Dungeon Overview and Level Annotations

Branches:
Dungeon (4/15)             Temple (1/1) D:4

Altars:
Ashenzari
Dithmenos
Gozag
Kikubaaqudgha
Makhleb
Qazlal
Ru
Sif Muna
Trog
Uskayaw
Vehumet
Wu Jian
Xom
Yredelemnul
Zin


Innate Abilities, Weirdness & Mutations

You cannot wear most types of armour.
You are very stealthy in the water. (Stealth+)
You are amphibious.
You can wear up to eight rings at the same time.
You can use your tentacles to constrict eight enemies at once.
Your skin changes colour to match your surroundings (Stealth+).
Your rubbery body absorbs attacks. (AC +1, EV +1)


Message History

Press: ? - help, Shift-Dir - straight line, f - hellwing
Aim: a hellwing (summoned, chance to defeat MR: 30%)
The hellwing is charmed.
You swap places.
The ufetubus closely misses you. x2
The quasit bites your hellwing but does no damage.
The quasit closely misses your hellwing.
The quasit claws your hellwing but does no damage.
The quasit barely misses you.
The quasit claws you but does no damage.
The quasit claws you.
The white imp grinds its teeth.
The shadow imp closely misses you.
Your hellwing completely misses the quasit.
Your hellwing hits the quasit. The white imp hits you.
The white imp freezes you.
The shadow imp barely misses your hellwing.
The ufetubus hits you.
* * * LOW HITPOINT WARNING * * *
The ufetubus barely misses you. The iron imp hits you!
You die...

..# #.# .<# #.#
..# #.# ## #.#
#.# .# #.# #.###
######.# # #...#
#......# ###.#
#55....# #.#
#.5555.# #.#
#.54@5## #.#
#.5555# #.#
###5### #.# #.#
#[######.######
#.......$.......
########.#######
#.# #.#


You could see 2 iron imps, 2 quasits, 2 white imps, 3 shadow imps, 4 ufetubi and
a friendly hellwing.

Vanquished Creatures
  2 ogres (D:4)
  3 orc wizards
  An adder (D:2)
  3 gnolls
  An ooze (D:4)
  2 adder skeletons (D:4)
  2 worms (D:2)
  2 dart slugs (D:1)
  3 orcs
  4 ball pythons
  8 bats
  3 giant cockroaches (D:2)
  6 goblins
  7 hobgoblins
  A quokka (D:2)
  8 frilled lizards
  8 kobolds
  10 rats
74 creatures vanquished.

Vanquished Creatures (collateral kills)
  A hound (D:4)
  2 gnolls (D:4)
  A dart slug (D:1)
  An orc (D:4)
  A ball python (D:4)
  A leopard gecko skeleton (D:4)
7 creatures vanquished.

Vanquished Creatures (others)
  An ogre (D:4)
1 creature vanquished.

Grand Total: 82 creatures vanquished

Notes
Turn   | Place    | Note
-------+----------+-------------------------------------------
     0 | D:1      | Maedhros the Octopode Artificer began the quest for the
                  | Orb.
     0 | D:1      | Reached XP level 1. HP: 13/13 MP: 3/3
    96 | D:1      | Reached skill level 2 in Stealth
   119 | D:1      | Reached XP level 2. HP: 18/18 MP: 4/4
   622 | D:1      | Reached skill level 3 in Stealth
   885 | D:1      | Reached XP level 3. HP: 23/23 MP: 4/6
  1399 | D:2      | Reached XP level 4. HP: 28/28 MP: 7/7
  1477 | D:2      | Reached skill level 4 in Stealth
  2121 | D:3      | Found an ornate altar of the Wu Jian Council.
  2300 | D:4      | Noticed an ogre
  2380 | D:4      | Reached XP level 5. HP: 10/33 MP: 8/8
  2555 | D:4      | Noticed an ogre
  2690 | D:4      | Noticed an ogre
  2698 | D:4      | Killed an ogre
  2698 | D:4      | Reached skill level 5 in Stealth
  2698 | D:4      | Reached skill level 5 in Evocations
  2753 | D:4      | Reached skill level 6 in Stealth
  2753 | D:4      | Reached XP level 6. HP: 16/38 MP: 10/10
  3910 | D:4      | Found a staircase to the Ecumenical Temple.
  4097 | Temple   | Entered the Ecumenical Temple
  4135 | Temple   | Became a worshipper of Xom of Enforced Whimsey
  4138 | Temple   | Fell from the grace of Xom
  4138 | Temple   | Became a worshipper of Qazlal Stormbringer
  4374 | D:3      | Reached skill level 7 in Stealth
  4377 | D:3      | Reached XP level 7. HP: 14/43 MP: 11/11
  4428 | D:3      | XOM: summons 14 hostile demons
  4429 | D:3      | Noticed a hellwing
  4430 | D:3      | Slain by an iron imp

Levels and vault maps discovered:
D:1:      lordsloth_arrival_two_stooges, layout_basic, chequers_avenue
D:2:      layout_loops_cross
D:3:      layout_loops_ring, lemuel_doored_altar,
          chequers_ecumenical_altar_lobes, wad_floor_pattern_untrapped
D:4:      lemuel_upstairs_altar, layout_layer_cave,
          minmay_temple_entry_glassed_door, first_ration
Temple:   eino_temple_lava

Skill      XL: |  1  2  3  4  5  6 |
---------------+-------------------+-----
Stealth        | 2 3 4 6 7 |  7.3
Evocations     | 4 5 6 |  6.4
Fighting       | |  1.0
Short Blades   | |  1.0
Dodging        | |  2.0

Action                   |  1- 3 |  4- 6 |  7- 9 || total
-------------------------+-------+-------+-------++-------
Melee: Short sword       |    68 |    77 |     3 ||   148
       Constrict         |    19 |    22 |     1 ||    42
       Tentacles         |    11 |    14 |       ||    25
Evoke: Wand              |     1 |    14 |     2 ||    17
  Use: Scroll            |     2 |     7 |       ||     9
 Stab: Sleeping          |     8 |    12 |       ||    20
       Distracted        |       |     1 |       ||     1
       Confused          |       |       |     1 ||     1
  Eat: Chunk             |     1 |     5 |     1 ||     7
       Ration            |       |     1 |       ||     1
Armor: Skin              |     6 |     3 |     1 ||    10
Dodge: Dodged            |    44 |    33 |     5 ||    82

Table legend:
 A = Non-vault XP
 B = Vault XP
 C = Vault XP percentage of total XP
 D = Non-vault monster count
 E = Vault monster count
 F = Vault count percentage of total count
                 A         B        C        D         E       F
            +---------+---------+-------+---------+---------+-------
      Total |     660 |       0 |   0.0 |      81 |       0 |   0.0
            +---------+---------+-------+---------+---------+-------
        D:1 |      46 |       0 |   0.0 |      19 |       0 |   0.0
        D:2 |      59 |       0 |   0.0 |      26 |       0 |   0.0
        D:3 |     115 |       0 |   0.0 |      20 |       0 |   0.0
        D:4 |     440 |       0 |   0.0 |      16 |       0 |   0.0
            +---------+---------+-------+---------+---------+-------
